 Dungeon Crawl Stone Soup version 0.24.0-41-g2ae2f7f1be (webtiles) character file.

Game seed: 16905869185985102039, levelgen mode: deterministic

30 Descartes the Scratcher (level 3, -7/15 HPs)
             Began as a Felid Transmuter on Dec 14, 2019.
             Mangled by a gnoll
             ... wielding a +0 spear
              (12 damage)
             ... on level 2 of the Dungeon.
             The game lasted 00:04:21 (2297 turns).

Descartes the Scratcher (Felid Transmuter)          Turns: 2297, Time: 00:04:21

Health: -7/15      AC:  1    Str:  7    XL:     3   Next: 3%
Magic:  6/7        EV: 18    Int: 14    God:
Gold:   53         SH:  0    Dex: 16    Spells: 5/6 levels left
                                        Lives:  0   Deaths: 1

rFire    . . .     SeeInvis +     - Unarmed
rCold    . . .     Gourm    .   (shield unavailable)
rNeg     . . .     Faith    .   (armour unavailable)
rPois    .         Spirit   .   (helmet unavailable)
rElec    .         Reflect  .   (cloak unavailable)
rCorr    .         Harm     .   (gloves unavailable)
MR       .....                  (boots unavailable)
Stlth    +++.......             (no amulet)
HPRegen  0.05/turn              (no ring)
MPRegen  0.10/turn              (no ring)

@: appendage, quick
A: very small, no armour, no weapons or thrown items, stealth, claws 1, fangs 3,
horns 2, see invisible, carnivore, speed 1, shaggy fur 1, slow metabolism 1,
sharp paws
a: End Transformation


You were on level 2 of the Dungeon.
You were full.
You had grown temporary horns.
You visited 1 branch of the dungeon, and saw 2 of its levels.

You collected 53 gold pieces.

Inventory:

Missiles
 a - 26 arrows
 f - 2 stones
Wands
 k - a wand of clouds (6)
Scrolls
 d - a scroll of enchant weapon {unknown}
 e - a scroll of noise {unknown}
 h - a scroll of identify {unknown}
 j - a scroll of immolation {unknown}
Potions
 b - a potion of cancellation {unknown}
 g - 5 potions of curing {unknown}
Comestibles
 c - 6 rations


   Skills:
 + Level 1.5 Fighting
 + Level 3.2 Dodging
 * Level 2.5 Stealth
 * Level 3.7 Unarmed Combat
 + Level 2.2 Spellcasting
 + Level 2.5 Transmutations


You had 5 spell levels left.
You knew the following spells:

 Your Spells              Type           Power        Failure   Level  Hunger
a - Beastly Appendage     Tmut           #.....       9%          1    #......

Your spell library contained the following spells:

 Spells                   Type           Power        Failure   Level  Hunger
 Sticks to Snakes         Tmut           #.......     12%         2    ###....
 Spider Form              Tmut/Pois      #.........   38%         3    ###....
 Ice Form                 Ice/Tmut       #.......     80%         4    #####..
 Blade Hands              Tmut           #.........   92%         5    ######.


Dungeon Overview and Level Annotations

Branches:
Dungeon (2/15)

Altars:
Dithmenos
Nemelex Xobeh
Trog
The Shining One


Innate Abilities, Weirdness & Mutations

You cannot wear armour.
You are incapable of wielding weapons or throwing items.
Your paws allow you to move quietly. (Stealth)
You have sharp claws.
You have razor-sharp teeth.
You have supernaturally acute eyesight. (SInv)
You are carnivorous and can eat meat at any time.
You cover ground quickly.
You are covered in fur. (AC +1)
You have a slow metabolism.
Your sharp claws are effective at attacking unaware monsters.
You have a pair of horns on your head.


Message History

The gnoll hits you with a +0 spear.
You scratch the gnoll.
The gnoll is moderately wounded.
The gnoll closely misses you.
You closely miss the gnoll. Your bite misses the gnoll.
The gnoll is moderately wounded.
The gnoll hits you with a +0 spear.
You scratch the gnoll.
The gnoll is heavily wounded.
The gnoll misses you.
You closely miss the gnoll.
The gnoll is heavily wounded.
You scratch the gnoll but do no damage. You bite the gnoll, but do no damage.
The gnoll is heavily wounded.
The gnoll hits you with a +0 spear.
You scratch the gnoll. You bite the gnoll.
The gnoll is almost dead.
The gnoll hits you with a +0 spear!
Ouch! That really hurt!
You die...

#....####......# #...........###
#....####......# #..............
#..........##..###.......g......
###........##........g..........
#........##.............##'###
#.......g##.....##########.#
#........##.....# #.#
#........##.....### #.#
#..........>g@<...## #.#
####........#.........#######g###
#.....####.##....................
#..........##.......#..######.###
#.....#######.......##.# #.#
#.....# #######.##.## #.# #.....#
####.##..# #รท# #.....#
#....###.# #.# ####### #....# #.#
#.#


You could see a gnoll.

Vanquished Creatures
  2 gnolls (D:2)
  2 adders (D:2)
  An ooze (D:1)
  A leopard gecko (D:2)
  5 bats
  3 goblins (D:1)
  2 hobgoblins
  8 kobolds
  A frilled lizard (D:1)
  7 rats
32 creatures vanquished.

Notes
Turn   | Place    | Note
-------+----------+-------------------------------------------
     0 | D:1      | Descartes the Felid Transmuter began the quest for the Orb.
     0 | D:1      | Reached XP level 1. HP: 9/9 MP: 4/4
   385 | D:1      | Reached skill level 1 in Stealth
   459 | D:1      | Reached XP level 2. HP: 12/12 MP: 6/6
   607 | D:1      | You fall into a shaft and drop 1 floor!
   834 | D:2      | Found a sparkling altar of Nemelex Xobeh.
   834 | D:2      | Found a bloodstained altar of Trog.
   835 | D:2      | Found a shadowy altar of Dithmenos.
  1099 | D:2      | Reached XP level 3. HP: 15/15 MP: 5/7
  1895 | D:2      | Found a glowing golden altar of the Shining One.
  2064 | D:2      | Reached XP level 4. HP: 2/19 MP: 6/8
  2064 | D:2      | Slain by a gnoll
  2065 | D:2      | Reached XP level 3. HP: -4/15 MP: 6/7
  2297 | D:2      | Mangled by a gnoll

Levels and vault maps discovered:
D:1:      dpeg_arrival_houses_and_road, layout_basic,
          chequers_serial_rivers_micro_d
D:2:      layout_basic, grunt_temple_overflow_gold_and_silver,
          grunt_temple_overflow_open, tso_metal_star

Skill      XL: |  1  2 |
---------------+-------+-----
Stealth        | 1 2 |  2.5
Dodging        | 3 |  3.2
Fighting       | |  1.5
Unarmed Combat | |  3.7
Spellcasting   | |  2.2
Transmutations | |  2.5

Action                   |  1- 3 |  4- 6 || total
-------------------------+-------+-------++-------
Melee: Unarmed           |    97 |       ||    97
       Bite              |     8 |       ||     8
       Headbutt          |     8 |       ||     8
 Cast: Beastly Appendage |    17 |       ||    17
 Stab: Sleeping          |    10 |       ||    10
  Eat: Chunk             |    12 |       ||    12
Armor: Skin              |     4 |       ||     4
Dodge: Dodged            |    85 |       ||    85
